Map: [ESL] NeoHumanity

Players

LiquidElazer (Elazer) - Winner!

  • Race: Zerg Zerg
  • League: Master
  • Spawn Location: 5:00

Lambo

  • Race: Zerg Zerg
  • League: Master
  • Spawn Location: 11:00

Event: HomeStory Cup XXIII

VOD

Have the link to the VOD?

Description

Time

  • Played on: July 2, 2023, 11:16 a.m.
  • Length: 4:36

All games in this series

Show
View Real Time Build Order
Export as new Build Order

LiquidElazer Zerg - Winner!

Build Orders: Hatch First 

Get SALT Encoding   

  12  0:00  Drone  
  13  0:12  Overlord  
  13  0:16  Drone  
  14  0:30  Drone x2  
  16  0:47  Hatchery  
  15  0:50  Drone  
  15  0:54  Drone  
  17  0:57  Drone  
  18  1:07  Extractor  
  17  1:12  Spawning Pool  
  17  1:16  Drone  
  17  1:18  Drone  
  18  1:28  Drone  
  19  1:40  Evolution Chamber  
  19  1:41  Evolution Chamber  
  19  1:43  Evolution Chamber  
  19  1:44  Evolution Chamber  
  15  1:49  Evolution Chamber  
  14  1:59  Zergling x6  
  22  2:01  Queen  
  22  2:03  Zergling x2  
  25  2:10  Zergling x4  
  26  2:26  Zergling x4  
  18  2:41  Zergling x2  
  18  2:51  Zergling x4  
  18  2:57  Zergling x2  
  19  3:04  Zergling x2  
  13  3:30  Zergling x6  
  15  3:37  Zergling x2  
  10  4:04  Zergling x2  
Show
View Real Time Build Order
Export as new Build Order

Lambo Zerg 

Build Orders: Pool Only 

Get SALT Encoding   

  12  0:17  Spawning Pool  
  11  0:21  Drone  
  11  0:25  Drone  
  13  0:29  Drone  
  14  0:39  Overlord  
  16  1:04  Zergling x4  
  16  1:05  Zergling x2  
  17  1:15  Zergling x2  
  18  1:26  Zergling x2  
  19  1:36  Zergling x2  
  20  1:47  Zergling x2  
  21  1:55  Spine Crawler  
  21  1:56  Spine Crawler  
  19  2:02  Spine Crawler  
  19  2:08  Zergling x2  
  19  2:24  Zergling x2  
  12  2:42  Zergling x2  
  7  3:02  Zergling x2  
  7  3:14  Zergling x2  
  6  3:33  Zergling x2  
  6  3:48  Zergling x2  
  6  4:04  Zergling x2  
  7  4:17  Zergling x2  
Tags
 
Add a new tag
Caveats
  • Supply blocks, unpowered buildings, or Contaminate may cause inaccurate times.
  • Supply counts are checked every 10 seconds.